 Dungeon Crawl Stone Soup version 0.31.0-32-g396128a36d (webtiles) character file.

Game seed: 3599441973300724504

128276 unlimited1921 the Gelid (level 17, -9/107 HPs)
             Began as a Djinni Fire Elementalist on Mar 2, 2024.
             Was the Champion of Qazlal.
             Mangled by a +3 heavy glaive (26 damage)
             ... on level 1 of the Elven Halls on Mar 10, 2024.
             The game lasted 05:10:35 (32841 turns).

unlimited1921 the Gelid (Djinni Fire Elementalist) Turns: 32841, Time: 05:10:36

Health: -9/107     AC: 17    Str:  7    XL:     17   Next: 58%
Gold:   767        EV: 10    Int: 31    God:    Qazlal [******] SH: 14 Dex: 14

rFire   + + +        S - +5 hand axe "Murmur" {freeze, +Blink}
rCold   . . .        V - +0 buckler
rNeg    . . .        Z - +1 scale mail {rC+}
rPois   ∞            I - +0 helmet
rElec   .            r - +0 cloak
rCorr   +            F - +0 pair of gloves
SInv    .            (boots unavailable)
Will    +....        L - amulet "Jimuv" {rF++ Regen+}
Stlth   +            s - +6 ring of intelligence
HPRegen 1.17/turn    M - ring of resist corrosion
MPRegen 0.00/turn

%: repel missiles, infuse magic (-10 HP)
@: protected from physical damage, flying, studying Ice Magic
A: sickness immunity, fire resistance 2, cold vulnerability 1, float, innate
caster, HP casting, extra vitality 1
a: Renounce Religion, Evoke Blink, Upheaval, Elemental Force, Disaster Area


You were on level 1 of the Elven Halls.
You worshipped Qazlal.
Qazlal was exalted by your worship.
You visited 6 branches of the dungeon, and saw 26 of its levels.
You also visited: Sewer, Bailey and Volcano.

You collected 3075 gold pieces.
You spent 2308 gold pieces at shops.

Inventory:

Hand Weapons
 e - a +3 longbow of flaming
 i - a +4 trident of draining
 z - a +4 arbalest of electrocution
 H - a +0 trident of protection
 S - the +5 hand axe "Murmur" (weapon) {freeze, +Blink}
   (You found it on level 1 of the Spider Nest)

   +Blink:    It lets you blink.
Armour
 g - a +0 troll leather armour
 r - a +0 cloak (worn)
 x - a +2 robe of resistance
 F - a +0 pair of gloves (worn)
 I - a +0 helmet (worn)
 Q - the +1 leather armour of Jihecim {-Tele Fly rElec rC+}
   (You found it on level 3 of the Lair of Beasts)

   rC+:       It protects you from cold.
   rElec:     It insulates you from electricity.
   Fly:       It grants you flight.
   -Tele:     It prevents most forms of teleportation.
 V - a +0 buckler (worn)
 Z - a +1 scale mail of cold resistance (worn)
Jewellery
 s - a +6 ring of intelligence (left hand)
 L - the amulet "Jimuv" (around neck) {rF++ Regen+}
   (You bought it in a shop on level 1 of the Orcish Mines)

   [amulet of regeneration]

   rF++:      It greatly protects you from fire.
   Regen+:    It increases your rate of health regeneration.
 M - a ring of resist corrosion (right hand)
Talismans
 h - the serpent talisman "Laetilo" {Slay+5}
   (You took it off Aizul on level 2 of the Orcish Mines)

   [serpent talisman]

   Slay+5:    It affects your accuracy & damage with ranged weapons and melee
   (+5).
Wands
 c - a wand of quicksilver (11)
 v - a wand of roots (12)
 w - a wand of mindburst (31) (quivered)
 G - a wand of polymorph (7)
 K - a wand of digging (3)
 Y - a wand of charming (3)
Scrolls
 d - a scroll of acquirement
 j - 3 scrolls of enchant weapon
 l - 6 scrolls of teleportation
 m - 2 scrolls of fear
 o - 2 scrolls of brand weapon
 p - 8 scrolls of enchant armour
 q - 2 scrolls of amnesia
 B - 3 scrolls of revelation
 J - 6 scrolls of poison
 T - 3 scrolls of fog
 U - a scroll of butterflies
Potions
 a - 3 potions of berserk rage
 b - 4 potions of lignification
 f - 6 potions of curing
 u - 4 potions of might
 A - 4 potions of enlightenment
 C - 3 potions of brilliance
 D - 3 potions of haste
 E - 3 potions of invisibility
 N - a potion of ambrosia
 O - a potion of resistance


   Skills:
 + Level 5.6 Fighting
 + Level 7.2 Ranged Weapons
 + Level 10.6 Armour
 + Level 9.1 Dodging
 + Level 7.3 Stealth
 + Level 7.4 Shields
 * Level 17.0 Spellcasting
 * Level 17.0 Conjurations
 * Level 17.0 Hexes
 * Level 17.0 Summonings
 * Level 17.0 Necromancy
 * Level 17.0 Translocations
 * Level 17.0 Fire Magic
 * Level 17.4 Ice Magic
 * Level 17.0 Air Magic
 * Level 17.0 Earth Magic
 * Level 17.0 Alchemy
 * Level 8.7 Invocations
 + Level 0.1 Evocations


You knew the following spells:

 Your Spells              Type           Power      Damage    Failure   Level
a - Foxfire               Conj/Fire      100%       2x1d9     0%          1
b - Scorch                Fire           100%       2d9       1%          2
c - Volatile Blastmotes   Fire/Tloc      100%       2d18      1%          3
d - Inner Flame           Hex/Fire       93%        N/A       1%          3
e - Flame Wave            Conj/Fire      93%        2d20      1%          4
f - Freeze                Ice            100%       1d10      0%          1
g - Mercury Vapours       Alch/Air       100%       N/A       1%          2
h - Call Canine Familiar  Summ           93%        N/A       1%          3
i - Summon Ice Beast      Ice/Summ       93%        N/A       1%          3
j - Summon Lightning Spi  Summ/Air       93%        N/A       1%          4
k - Freezing Cloud        Conj/Ice/Air   46%        6-21      1%          5
l - Summon Cactus Giant   Summ           46%        N/A       2%          6
m - Monstrous Menagerie   Summ           46%        N/A       13%         7
Your spell library was empty.

Dungeon Overview and Level Annotations

Branches:
Dungeon (15/15)            Temple (1/1) D:4            Lair (5/5) D:11
 Shoals (0/4) Lair:3       Spider (2/4) Lair:3        Slime (0/5) Lair:4
    Orc (2/2) D:12            Elf (1/3) Orc:2        Vaults (0/5) D:14
  Sewer (visited)          Bailey (visited)         Volcano (visited)
 Depths: D:15

Altars:
Ashenzari
Cheibriados
Dithmenos
Elyvilon
Fedhas
Gozag
Hepliaklqana
Makhleb
Nemelex Xobeh
Okawaru
Qazlal
Ru
Trog
Uskayaw
Wu Jian
Xom
Yredelemnul
Zin
The Shining One
Jiyva
Lugonu

Shops:
D:5 (   D:12 *   Orc:1 =   Orc:2 *(*[

Annotations:
D:15 Agnes, Kirke
Spider:1 2 transporters, bronco's ghost, journeyman HuHu


Innate Abilities, Weirdness & Mutations

You are immune to sickness and miasma.
You are immune to poison.
Your flesh is very heat resistant. (rF++)
You are vulnerable to cold. (rC-)
You float through the air rather than walking.
You learn spells naturally, not from books.
Your magical power is your life essence.
You have superior vitality. (+4 MHP)


Message History

* * * LOW HITPOINT WARNING * * *
Your butterfly is engulfed in blazing flames.
You kill your butterfly!
Your butterfly disappears in a burst of colours!
Your butterfly is engulfed in a thunderstorm.
You kill your butterfly!
Your butterfly disappears in a burst of colours!
Your butterfly is engulfed in blazing flames.
You kill your butterfly!
Your butterfly disappears in a burst of colours!
Your butterfly is engulfed in blazing flames.
You kill your butterfly!
Your butterfly disappears in a burst of colours!
Your butterfly is engulfed in freezing vapours.
You kill your butterfly!
Your butterfly disappears in a burst of colours!
The +3 heavy glaive is engulfed in blazing flames.
Your butterfly is engulfed in freezing vapours.
You kill your butterfly!
Your butterfly disappears in a burst of colours!
Your butterfly is engulfed in blazing flames.
You kill your butterfly!
Your butterfly disappears in a burst of colours!
Your butterfly is engulfed in blazing flames.
You kill your butterfly!
Your butterfly disappears in a burst of colours!
You hear an angry hiss.
Your butterfly is engulfed in blazing flames.
You kill your butterfly!
Your butterfly disappears in a burst of colours!
Your cactus giant is engulfed in freezing vapours.
Casting: Summon Cactus Giant (dangerous; 2% risk of failure)
Confirm with . or Enter, or press ? or * to list all spells.
An electric hum fills the air.
* * * LOW HITPOINT WARNING * * *
Your butterfly is engulfed in blazing flames.
You kill your butterfly!
Your butterfly disappears in a burst of colours!
The +3 heavy glaive hits you from afar!!
You die...

#......#..# #
.......#.#.###.
.........##.#.# ###
>........##..######.#
.........##..##.....#
.........##..$..)...#
.........##...b....!##
..######........b§§..##
#. #####...§@.....## #
#...°..☼....##
####8§○C(.....##+#
...#.#°°°.bbb$...[#
#.#..###.......#####
#.#.# ##.#...#######
.... ##.#../.....# ..
##...§§.###).#
#.####.##


You could see a +3 heavy glaive (ally target), a friendly lightning spire
(summoned) and a friendly cactus giant (summoned).

Vanquished Creatures
  Aizul (Orc:2)
  3 orc warlords (Orc:2)
  An ettin (Orc:2)
  A vault guard (D:14)
  4 hydras
  2 boulder beetles (Spider:1)
  2 two-headed ogres
  A tengu warrior (D:14)
  An occultist (Volcano)
  2 orc high priests
  2 nameless horrors
  A deep elf knight (Elf:1)
  2 skeletal warriors (D:14)
  A pharaoh ant (Spider:1)
  An orb spider (Lair:3)
  An arcanist (D:14)
  4 orc knights
  A deep elf pyromancer (Elf:1)
  2 necromancers (D:14)
  2 lindwurms
  Pikel (D:8)
  4 deep elf zephyrmancers
  An orc sorcerer (Orc:1)
  4 ugly things (D:14)
  2 wolf spiders
  A manticore (D:10)
  An elephant (Lair:5)
  3 cyclopes
  6 black mambas
  A toenail golem (Volcano)
  3 kobold blastminers
  A torpor snail (Spider:1)
  A guardian serpent (Lair:5)
  Maggie (D:8)
  Jeremiah (Lair:1)
  9 cane toads
  2 rime drakes
  3 komodo dragons
  An unseen horror (D:10)
  3 kobold demonologists
  An efreet (D:13)
  Psyche (D:8)
  A tengu conjurer (D:14)
  9 trolls
  3 polar bears
  4 hornets
  3 tarantellas (Spider:1)
  A tarantella (shapeshifter) (D:14)
  10 blink frogs
  5 saltlings (Orc:2)
  12 slime creatures
  A vampire (D:11)
  3 air elementals
  4 jumping spiders (Spider:1)
  A culicivora (Spider:1)
  13 wyverns
  4 water elementals (D:11)
  28 yaks
  A shadow (D:7)
  16 humans
  A wraith (D:12)
  4 hogs (D:15)
  4 wargs
  13 redbacks
  6 basilisks
  4 vampire mosquitoes
  2 steam dragons
  2 acid dragons
  22 water moccasins
  Duvessa (D:7)
  A black bear (D:11)
  A sky beast (D:7)
  25 orc warriors
  2 laughing skulls
  A crocodile (Sewer)
  11 ogres
  17 wolves
  5 centaurs
  A lemure (D:8)
  4 kobold brigands
  7 bullfrogs
  2 gnoll sergeants
  6 scorpions
  3 wights (D:8)
  Dowan (D:7)
  5 killer bees (D:9)
  3 electric eels (Lair:1)
  3 howler monkeys
  A hound (D:5)
  2 bombardier beetles
  13 orc priests
  6 jellies
  4 iguanas
  2 sleepcaps
  19 orc wizards
  17 gnolls
  5 adders
  4 ufetubi (D:5)
  4 dart slugs
  A ribbon worm (D:2)
  64 orcs
  11 ball pythons
  5 bats
  14 endoplasms
  4 giant cockroaches
  12 goblins
  11 hobgoblins
  3 jackals (Sewer)
  4 quokkas
  7 frilled lizards
  23 kobolds
  A kobold skeleton (D:3)
  8 rats
  A foxfire (Orc:2)
608 creatures vanquished.

Vanquished Creatures (collateral kills)
  A ghost moth (Spider:1)
  2 orc warlords
  Nessos (Orc:2)
  A fire dragon (D:13)
  4 hydras
  Harold (Orc:1)
  3 vault guards (D:14)
  A catoblepas (Lair:3)
  A jorogumo (Spider:1)
  A dancing weapon (Volcano)
  4 boulder beetles
  Urug (D:10)
  2 orc high priests (Orc:2)
  A demonic crawler (Spider:1)
  2 occultists
  Sonja (D:10)
  A pharaoh ant (Spider:1)
  2 skeletal warriors (D:14)
  An orb spider (Spider:1)
  An arcanist (D:14)
  2 orc knights (Orc:2)
  A steelbarb worm (Spider:1)
  3 deep elf zephyrmancers
  2 cyclopes
  3 wolf spiders (Spider:1)
  2 ugly things (D:14)
  A deep elf pyromancer (Elf:1)
  5 orc sorcerers
  2 elephants (Lair:5)
  A manticore (D:13)
  4 toenail golems (Volcano)
  3 kobold blastminers
  6 cane toads
  2 black mambas (Lair:5)
  2 torpor snails
  2 nameless horrors (Orc:2)
  3 komodo dragons
  A kobold demonologist (D:10)
  A rime drake (Lair:5)
  An efreet (D:15)
  2 freezing wraiths (D:14)
  6 trolls
  4 saltlings (Orc:2)
  6 tarantellas
  4 blink frogs
  2 jumping spiders (Spider:1)
  7 slime creatures
  An air elemental (Elf:1)
  8 culicivoras (Spider:1)
  2 wraiths (D:12)
  5 humans
  3 basilisks
  A hog (shapeshifter) (D:12)
  10 yaks
  2 wyverns (Lair:5)
  8 redbacks (Spider:1)
  5 wargs (Orc:2)
  3 vampire mosquitoes
  An acid dragon (D:11)
  11 water moccasins
  16 orc warriors
  5 wolves
  An ogre (Orc:1)
  An earth elemental (Elf:1)
  A killer bee (D:9)
  2 howler monkeys (D:10)
  7 orc priests
  4 orc wizards
  An adder (D:12)
  2 gnolls (Bailey)
  20 orcs
  6 goblins (Bailey)
  A kobold (D:9)
  29 foxfires
266 creatures vanquished.

Vanquished Creatures (others)
  A warg (Orc:2)
  1413 foxfires
1414 creatures vanquished.

Grand Total: 2288 creatures vanquished

Notes
Turn   | Place    | Note
-------+----------+-------------------------------------------
     0 | D:1      | unlimited1921 the Djinni Fire Elementalist began the quest
                  | for the Orb.
     0 | D:1      | unlimited1921 set off with the following spells memorised:
                  | Foxfire, Scorch, Volatile Blastmotes, Inner Flame, Flame
                  | Wave.
     0 | D:1      | Reached XP level 1. HP: 15/15 MP: 0/0
  1206 | D:1      | Reached XP level 2. HP: 20/21 MP: 0/0
  2969 | D:1      | Identified a scroll of acquirement
  3011 | D:2      | Reached XP level 3. HP: 21/25 MP: 0/0
  3011 | D:2      | Learned a level 1 spell: Freeze
  3955 | D:2      | Identified the +1 robe "Muitefaw" {Dex+2}
  4135 | D:2      | Found an iron altar of Okawaru.
  4216 | D:2      | Reached XP level 4. HP: 31/31 MP: 0/0
  5420 | D:3      | Found a runed translucent door.
  5420 | D:3      | Noticed a human
  5432 | D:3      | Found a basalt altar of Yredelemnul.
  5472 | D:3      | Killed a human
  5501 | D:3      | Found a sacrificial altar of Ru.
  5636 | D:3      | Found a hide-covered altar of Uskayaw.
  6221 | D:4      | Reached XP level 5. HP: 35/35 MP: 0/0
  6221 | D:4      | Learned a level 2 spell: Mercury Vapours
  6654 | D:4      | Found a staircase to the Ecumenical Temple.
  6949 | D:4      | Reached XP level 6. HP: 38/40 MP: 0/0
  7286 | Temple   | Entered the Ecumenical Temple
  7348 | Temple   | Became a worshipper of Qazlal Stormbringer
  7378 | D:5      | Entered Level 5 of the Dungeon
  7378 | D:5      | Found Acickoxa's Antique Weapon Shop.
  7381 | D:5      | Bought a runed arbalest for 255 gold pieces
  7445 | D:5      | Noticed an ogre
  7449 | D:5      | Killed an ogre
  7450 | D:5      | Reached skill level 1 in Ranged Weapons
  7450 | D:5      | Reached XP level 7. HP: 45/46 MP: 0/0
  7450 | D:5      | Learned a level 3 spell: Call Canine Familiar
  7809 | D:5      | Found a shimmering altar of Xom.
  7844 | D:5      | Reached skill level 1 in Fighting
  7926 | D:5      | Found a glowing drain.
  7937 | Sewer    | Entered a sewer
  8005 | Sewer    | Reached skill level 5 in Spellcasting
  8005 | Sewer    | Reached skill level 5 in Conjurations
  8005 | Sewer    | Reached skill level 5 in Hexes
  8005 | Sewer    | Reached skill level 5 in Summonings
  8005 | Sewer    | Reached skill level 5 in Necromancy
  8005 | Sewer    | Reached skill level 5 in Translocations
  8005 | Sewer    | Reached skill level 5 in Fire Magic
  8005 | Sewer    | Reached skill level 5 in Ice Magic
  8005 | Sewer    | Reached skill level 5 in Air Magic
  8005 | Sewer    | Reached skill level 5 in Earth Magic
  8005 | Sewer    | Reached skill level 5 in Alchemy
  8095 | D:5      | Reached * piety under Qazlal
  8096 | D:5      | Reached XP level 8. HP: 45/54 MP: 0/0
  9645 | D:6      | Reached skill level 1 in Armour
  9777 | D:7      | Reached XP level 9. HP: 55/60 MP: 0/0
  9777 | D:7      | Learned a level 3 spell: Summon Ice Beast
  9790 | D:7      | Noticed Duvessa
  9790 | D:7      | Noticed Dowan
  9797 | D:7      | Reached ** piety under Qazlal
  9797 | D:7      | Killed Duvessa
  9809 | D:7      | Killed Dowan
  9928 | D:7      | Found a shimmering altar of Xom.
 10271 | D:7      | Found a bloodstained altar of Trog.
 10323 | D:7      | Found an opulent altar of Gozag.
 10630 | D:8      | Noticed Psyche
 10640 | D:8      | Killed Psyche
 10641 | D:8      | Reached skill level 5 in Armour
 10641 | D:8      | Reached XP level 10. HP: 61/67 MP: 0/0
 10778 | D:8      | Noticed Pikel
 10788 | D:8      | Killed Pikel
 10972 | D:8      | Found an ornate altar of the Wu Jian Council.
 10992 | D:8      | Found a sparkling altar of Nemelex Xobeh.
 11031 | D:8      | Noticed Maggie
 11041 | D:8      | Killed Maggie
 11163 | D:8      | Found a white marble altar of Elyvilon.
 11164 | D:8      | Found a glowing golden altar of the Shining One.
 11165 | D:8      | Found a glowing silver altar of Zin.
 11274 | D:8      | Reached *** piety under Qazlal
 11275 | D:8      | Reached skill level 5 in Ranged Weapons
 11426 | D:8      | Found an iron altar of Okawaru.
 11828 | D:9      | Reached XP level 11. HP: 37/72 MP: 0/0
 11828 | D:9      | Learned a level 4 spell: Summon Lightning Spire
 11913 | D:9      | Found a broken altar of Ashenzari.
 12566 | D:10     | Entered Level 10 of the Dungeon
 12570 | D:10     | Noticed a four-headed hydra
 12577 | D:10     | Killed a four-headed hydra
 12578 | D:10     | Reached skill level 1 in Shields
 12637 | D:10     | Found a flagged portal.
 12646 | Bailey   | Entered a bailey
 12711 | Bailey   | Reached **** piety under Qazlal
 12820 | Bailey   | Reached skill level 10 in Spellcasting
 12820 | Bailey   | Reached skill level 10 in Conjurations
 12820 | Bailey   | Reached skill level 10 in Hexes
 12820 | Bailey   | Reached skill level 10 in Summonings
 12820 | Bailey   | Reached skill level 10 in Necromancy
 12820 | Bailey   | Reached skill level 10 in Translocations
 12820 | Bailey   | Reached skill level 10 in Fire Magic
 12820 | Bailey   | Reached skill level 10 in Ice Magic
 12820 | Bailey   | Reached skill level 10 in Air Magic
 12820 | Bailey   | Reached skill level 10 in Earth Magic
 12820 | Bailey   | Reached skill level 10 in Alchemy
 12836 | Bailey   | Noticed an orc warlord
 12845 | Bailey   | Noticed an orc knight
 12855 | Bailey   | Killed an orc warlord
 12856 | Bailey   | Reached skill level 5 in Dodging
 12860 | Bailey   | Killed an orc knight
 13103 | Bailey   | Reached XP level 12. HP: 78/78 MP: 0/0
 13179 | D:10     | Found a corrupted altar of Lugonu.
 13306 | D:10     | Noticed Sonja
 13310 | D:10     | Killed Sonja
 13697 | D:10     | Noticed Urug
 13712 | D:10     | Killed Urug
 13827 | D:10     | Reached XP level 13. HP: 79/83 MP: 0/0
 13827 | D:10     | Learned a level 5 spell: Freezing Cloud
 14434 | D:11     | Reached ***** piety under Qazlal
 14653 | D:11     | Found a staircase to the Lair.
 16329 | D:12     | Found a staircase to the Orcish Mines.
 16516 | D:12     | Found Geiryte's Serpentskin Sales.
 16530 | D:12     | Bought a scroll of poison for 60 gold pieces
 16713 | D:13     | Noticed a six-headed hydra
 16719 | D:13     | Killed a six-headed hydra
 16815 | D:13     | Noticed a fire dragon
 16824 | D:13     | Killed a fire dragon
 16968 | D:13     | Noticed an eight-headed hydra
 16972 | D:13     | Killed an eight-headed hydra
 17047 | D:13     | Found a gate leading to a gauntlet.
 17083 | D:13     | Identified the +1 helmet of the Several Tales {Rampage
                  | rPois}
 17448 | D:14     | Reached XP level 14. HP: 71/90 MP: 0/0
 18085 | D:14     | Reached skill level 15 in Spellcasting
 18085 | D:14     | Reached skill level 15 in Conjurations
 18085 | D:14     | Reached skill level 15 in Hexes
 18085 | D:14     | Reached skill level 15 in Summonings
 18085 | D:14     | Reached skill level 15 in Necromancy
 18085 | D:14     | Reached skill level 15 in Translocations
 18085 | D:14     | Reached skill level 15 in Fire Magic
 18085 | D:14     | Reached skill level 15 in Ice Magic
 18085 | D:14     | Reached skill level 15 in Air Magic
 18085 | D:14     | Reached skill level 15 in Earth Magic
 18085 | D:14     | Reached skill level 15 in Alchemy
 18239 | D:14     | Reached skill level 5 in Fighting
 18766 | D:14     | Found a gate to the Vaults.
 18947 | D:15     | Entered Level 15 of the Dungeon
 18997 | D:15     | Noticed Agnes
 19005 | D:15     | Noticed Kirke
 19172 | Lair:1   | Entered Level 1 of the Lair of Beasts
 19242 | Lair:1   | Noticed Jeremiah
 19264 | Lair:1   | Reached ****** piety under Qazlal
 19268 | Lair:1   | Killed Jeremiah
 19563 | Lair:1   | Reached XP level 15. HP: 92/96 MP: 0/0
 19563 | Lair:1   | Learned a level 6 spell: Summon Cactus Giant
 19905 | Lair:2   | Reached skill level 1 in Invocations
 20134 | Lair:2   | Found a dark tunnel.
 20143 | Volcano  | Entered a volcano
 20193 | Volcano  | Reached skill level 5 in Stealth
 20746 | Lair:2   | Found a shimmering altar of Xom.
 21382 | Lair:3   | Identified the +1 leather armour of Jihecim {-Tele Fly
                  | rElec rC+}
 21522 | Lair:3   | Reached skill level 5 in Shields
 21632 | Lair:3   | Found a staircase to the Shoals.
 21730 | Lair:3   | Found a hole to the Spider Nest.
 22676 | Lair:4   | Found a viscous altar of Jiyva.
 22677 | Lair:4   | Found a staircase to the Slime Pits.
 23087 | Lair:5   | Entered Level 5 of the Lair of Beasts
 23140 | Lair:5   | Reached XP level 16. HP: 51/103 MP: 0/0
 23767 | Lair:5   | Identified the storm talisman "Gaoniplu" {Slay+2}
 24790 | Spider:1 | Entered Level 1 of the Spider Nest
 24832 | Spider:1 | Reached skill level 5 in Invocations
 24908 | Spider:1 | Found a transporter.
 24908 | Spider:1 | Found a transporter.
 24953 | Spider:1 | Reached skill level 10 in Armour
 25043 | Spider:1 | Noticed an emperor scorpion
 25043 | Spider:1 | Noticed an emperor scorpion
 25044 | Spider:1 | Found a transporter.
 25045 | Spider:1 | Noticed an emperor scorpion
 25058 | Spider:1 | Noticed bronco's ghost (journeyman HuHu)
 25059 | Spider:1 | Found a transporter.
 25516 | Spider:1 | Identified the +5 hand axe "Murmur" {freeze, +Blink}
 26319 | Spider:1 | HP: 5/103 [something (8)]
 27152 | Orc:1    | Entered Level 1 of the Orcish Mines
 27152 | Orc:1    | Noticed Harold
 27152 | Orc:1    | Found Irrubi's Jewellery Emporium.
 27652 | Orc:2    | Entered Level 2 of the Orcish Mines
 27776 | Orc:2    | Noticed Nessos
 27778 | Orc:2    | Paralysed by an orc sorcerer for 5 turns
 27953 | Orc:1    | Killed Harold
 28072 | Orc:1    | Bought the amulet "Jimuv" {rF++ Regen+} for 817 gold pieces
 29331 | Orc:2    | Found a staircase to the Elven Halls.
 29918 | Orc:2    | Reached XP level 17. HP: 83/107 MP: 0/0
 29918 | Orc:2    | Learned a level 7 spell: Monstrous Menagerie
 30756 | Orc:2    | Killed Nessos
 30947 | Orc:2    | Found Foymacig's Armour Shop.
 31215 | Orc:2    | Found a bloodstained altar of Trog.
 31511 | Orc:2    | Found Ysovoror's Distillery.
 32000 | Orc:2    | Found Qimaixtek's Antique Weapon Shoppe.
 32002 | Orc:2    | Found Lixe's General Store.
 32032 | Orc:2    | Found Osyuzaox's General Store.
 32040 | Orc:2    | Bought a wand of quicksilver (4) for 252 gold pieces
 32040 | Orc:2    | Bought a scroll of enchant armour for 112 gold pieces
 32040 | Orc:2    | Bought a scroll of butterflies for 60 gold pieces
 32061 | Orc:2    | Bought a scroll of poison for 44 gold pieces
 32061 | Orc:2    | Bought a potion of curing for 33 gold pieces
 32063 | Orc:2    | Upgraded the game from 0.31.0-12-g77e489cdc1 to
                  | 0.31.0-32-g396128a36d
 32146 | Orc:2    | Bought 2 potions of curing for 90 gold pieces
 32146 | Orc:2    | Bought a potion of haste for 150 gold pieces
 32146 | Orc:2    | Bought a potion of curing for 45 gold pieces
 32146 | Orc:2    | Bought a potion of enlightenment for 75 gold pieces
 32146 | Orc:2    | Bought a potion of invisibility for 120 gold pieces
 32146 | Orc:2    | Bought a potion of brilliance for 60 gold pieces
 32146 | Orc:2    | Bought a potion of brilliance for 60 gold pieces
 32146 | Orc:2    | Bought a potion of enlightenment for 75 gold pieces
 32402 | Elf:1    | Entered Level 1 of the Elven Halls
 32402 | Elf:1    | Identified the serpent talisman "Laetilo" {Slay+5}
 32402 | Elf:1    | Noticed Aizul
 32415 | Orc:2    | Killed Aizul
 32808 | Elf:1    | Paralysed by an air elemental for 1 turns
 32841 | Elf:1    | Mangled by a +3 heavy glaive

Illustrated notes

Levels and vault maps discovered:
D:1:      psy_arrival_statuary, layout_rooms, item_on_display_b
D:2:      layout_loops_corners, basic_altar, serial_bayou_lake_a
D:3:      minmay_spotlight, layout_basic, nicolae_uskayaw_suspiria,
          mainiacjoe_overflow_six_doors_small, dk_yredelemnul_ordeal,
          supply_closet_lemuel, minmay_crystal_water, st_stairs_7
D:4:      layout_basic, minmay_temple_entry_large_hall, serial_curves,
          eino_curves_04, eino_curves_04
D:5:      layout_layer_cave, mainiacjoe_overflow_divided_tiny, serial_shops,
          nicolae_stop_n_shop_1, mainiacjoe_sewer_entry_somewhere_in_here_1,
          minmay_misc_feat_five
D:6:      layout_loops_cross
D:7:      layout_basic, kennysheep_mini, hangedman_feature_mirror, uniq_duvessa
D:8:      layout_basic, good_gods_temple_1, nemelex_diamond_rough_becter,
          okawaru_gym_becter, overflow_temple_1_default, serial_bayou_pond_d,
          uniq_pikel, uniq_psyche, uniq_maggie
D:9:      layout_loops_corners, nicolae_ashenzari_panopticon,
          kb_lookout_dungeons_type, serial_park_tiny_pond
D:10:     kennysheep_kobold_lugonu_temple, layout_irregular_city,
          old_standard_altar, enter_bailey_1, uniq_urug, uniq_sonja
D:11:     layout_loops_ring, minmay_lair_entry_grove, nicolae_underground_beach
D:12:     layout_basic, david_orc_3, guppyfry_shop_venom
D:13:     layout_gridville, gauntlet_entry_generic
D:14:     layout_roguey, grunt_vaults_entry_tiered, hangedman_decor_push
D:15:     grunt_enter_depths_magical_seal, layout_layer_cave, minivault_23,
          uniq_kirke, uniq_agnes
Temple:   nicolae_temple_colour_theory
Lair:1:   layout_misc_corridors, nicolae_quartered_pool_super, uniq_jeremiah
Lair:2:   layout_long_grid, basic_altar, nicolae_volcano_entry_vermiform,
          beast_lair_carwin_5
Lair:3:   layout_regular_city, shoals_dummy_entry,
          nicolae_spider_entry_orb_guardian, grunt_megastairs_2
Lair:4:   layout_regular_city, nicolae_slime_entry_slimehenge, minivault_25,
          grunt_megastairs_3, lemuel_fruit_tree
Lair:5:   hangedman_lair_tendril_chambers, layout_small_grid,
          serial_bayou_shore_b
Spider:1: gammafunk_boulding_lane, gammafunk_ghost_arena, guppyfry_spider_mini_3
Spider:2: layout_chambers, special_room [special_room_bee]
Orc:1:    layout_caves, serial_shops, nicolae_shop_crystal, uniq_harold
Orc:2:    hellmonk_orc_salted, layout_caves, basic_altar, serial_shops, shop,
          minmay_orc_treasury, uniq_nessos
Elf:1:    nicolae_elf_arrival_aired_out, layout_loops_ring, serial_shops,
          nicolae_shop_just_a_little_nook, nicolae_elf_shapeshifter_party,
          uniq_aizul

Skill      XL: |  1  2  3  4  5  6  7  8  9 10 11 12 13 14 15 16 17 |
---------------+----------------------------------------------------+-----
Stealth        | 2 3 4 6 7 |  7.3
Dodging        | 3 4 5 7 9 |  9.1
Spellcasting   | 4 5 6 8 12 13 14 15 16 17 | 17.0
Conjurations   | 4 5 6 8 12 13 14 15 16 17 | 17.0
Hexes          | 4 5 6 8 12 13 14 15 16 17 | 17.0
Summonings     | 4 5 6 8 12 13 14 15 16 17 | 17.0
Necromancy     | 4 5 6 8 12 13 14 15 16 17 | 17.0
Translocations | 4 5 6 8 12 13 14 15 16 17 | 17.0
Fire Magic     | 4 5 6 8 12 13 14 15 16 17 | 17.0
Ice Magic      | 4 5 6 8 12 13 14 15 16 17 | 17.4
Air Magic      | 4 5 6 8 12 13 14 15 16 17 | 17.0
Earth Magic    | 4 5 6 8 12 13 14 15 16 17 | 17.0
Alchemy        | 4 5 6 8 12 13 14 15 16 17 | 17.0
Ranged Weapons | 1 3 4 5 6 7 |  7.2
Fighting       | 2 3 4 5 |  5.6
Armour         | 1 5 6 7 8 9 10 | 10.6
Shields        | 1 2 3 5 7 |  7.4
Invocations    | 4 6 8 |  8.7
Evocations     | |  0.1

Action                     |  1- 3 |  4- 6 |  7- 9 | 10-12 | 13-15 | 16-18 || total
---------------------------+-------+-------+-------+-------+-------+-------++-------
  Melee: Short sword       |       |     5 |       |       |       |       ||     5
         Hand axe          |       |       |       |       |       |    17 ||    17
   Fire: Arbalest          |       |    10 |    93 |    29 |   159 |    34 ||   325
   Cast: Foxfire           |   114 |   233 |    58 |   142 |   160 |   193 ||   900
         Scorch            |     2 |    10 |    37 |    38 |   152 |    94 ||   333
         Freeze            |       |     1 |       |     4 |     3 |     9 ||    17
         Inner Flame       |       |       |    24 |    44 |    63 |    31 ||   162
         Call Canine Famil |       |       |     4 |    14 |    13 |    17 ||    48
         Mercury Vapours   |       |       |     3 |    13 |    18 |    13 ||    47
         Summon Ice Beast  |       |       |     3 |    24 |    22 |    31 ||    80
         Summon Lightning  |       |       |       |    23 |    66 |    78 ||   167
         Freezing Cloud    |       |       |       |       |    79 |    73 ||   152
         Flame Wave        |       |       |       |       |     8 |    23 ||    31
         Volatile Blastmot |       |       |       |       |     3 |       ||     3
         Summon Cactus Gia |       |       |       |       |    21 |    50 ||    71
         Monstrous Menager |       |       |       |       |       |     8 ||     8
  Evoke: Wand              |       |       |       |       |       |     7 ||     7
    Use: Scroll            |     4 |     3 |     6 |     6 |    12 |    12 ||    43
         Potion            |       |       |     2 |     1 |     1 |    17 ||    21
 Armour: Robe              |     2 |     9 |    83 |     5 |       |       ||    99
         Steam dragon scal |       |       |       |    34 |       |       ||    34
         Ring mail         |       |       |       |     5 |       |       ||     5
         Scale mail        |       |       |       |       |   202 |   271 ||   473
  Dodge: Dodged            |     7 |     9 |    82 |    28 |    76 |    72 ||   274
         Repelled          |       |       |       |       |     3 |       ||     3
  Block: Other             |       |       |     2 |    12 |    69 |    30 ||   113
         Buckler           |       |       |       |       |       |    92 ||    92
